 Dungeon Crawl Stone Soup version 0.32-a0-558-g233958a4c4 (webtiles) character file.

Game seed: 15996670795358873960

90 dialectric the Changeling (level 4, -1/61 HPs)
             Began as a Troll Shapeshifter on Feb 29, 2024.
             Incinerated by a bombardier beetle (4 damage)
             ... with a burning spray
             ... on level 3 of the Dungeon.
             The game lasted 00:02:02 (1723 turns).

dialectric the Changeling (Troll Shapeshifter)      Turns: 1723, Time: 00:02:02

Health: -1/61      AC: 22    Str: 24    XL:     4   Next: 32%
Magic:  2/2        EV:  1    Int:  6    God:
Gold:   142        SH:  0    Dex:  9    Spells: 3/3 levels left

rFire   . . .        k - +0 whip (freeze)
rCold   . . .        (no shield)
rNeg    . . .        a - melded +0 animal skin
rPois   +            (helmet currently unavailable)
rElec   .            (cloak currently unavailable)
rCorr   .            (gloves unavailable)
SInv    .            (boots unavailable)
Will    .....        q - amulet of regeneration
Stlth   +            (no ring)
HPRegen 1.90/turn    (no ring)
MPRegen 0.08/turn

%: no passive effects
@: on fire, tree-form, glowing
A: stationary, stasis, torment immunity, boosted hp, large, unfitting armour,
(claws 3), regeneration 1, (shaggy fur 1), (tough skin 1), low MP 1, evolution 1
a: no special abilities


You were on level 3 of the Dungeon.
You were a tree.
You visited 1 branch of the dungeon, and saw 3 of its levels.

You collected 142 gold pieces.

Inventory:

Hand Weapons
 g - a +0 mace
 k - a +0 whip of freezing (weapon)
Armour
 a - a +0 animal skin (melded)
Jewellery
 q - an amulet of regeneration (around neck)
Talismans
 c - a beast talisman (active)
 d - a flux talisman
Scrolls
 e - 2 scrolls of blinking {unknown}
 f - a scroll of enchant armour {unknown}
 l - 2 scrolls of identify {unknown}
 m - a scroll of teleportation {unknown}
 n - a scroll of vulnerability {unknown}
 o - a scroll of enchant weapon {unknown}
 p - 2 scrolls of poison {unknown}
Potions
 h - a potion of mutation
 i - a potion of magic


   Skills:
 + Level 1.6 Fighting
 + Level 1.0 Maces & Flails
 + Level 1.0 Armour
 + Level 2.2 Dodging
 - Level 3.1 Unarmed Combat
 + Level 3.4 Shapeshifting


You had 3 spell levels left.
You didn't know any spells.
Your spell library contained the following spells:

 Spells                   Type           Power      Damage    Failure   Level
 Dazzling Flash           Conj/Hex       0%         N/A       83%         3
 Volatile Blastmotes      Fire/Tloc      0%         2d10      83%         3
 Starburst                Conj/Fire      0%         6d3       100%        6
 Maxwell's Capacitive Co  Air            0%         ∞         100%        8


Dungeon Overview and Level Annotations

Branches:
Dungeon (3/15)

Altars:


Innate Abilities, Weirdness & Mutations

You are a tree.
Your roots penetrate the ground, keeping you stationary.
You cannot be teleported.
You are immune to unholy pain and torment.
Your maximum health is greatly increased.
Your equipment is partially melded.
You are too large for most types of armour.
((You have claws for hands.))
Your natural rate of healing is unusually fast.
((You are covered in fur. (AC +1)))
((You have tough skin. (AC +1)))
Your magical capacity is low. (-10% MP)
You have hidden genetic potential.


Message History

The liquid fire burns you!
The bombardier beetle sprays incendiary fluid at you.
The burning spray hits you.
You are even more covered in liquid fire!
You hit the bombardier beetle but do no damage.
The bombardier beetle is almost dead.
The liquid fire burns you!
The bombardier beetle bites you but does no damage.
You hit the bombardier beetle. You freeze the bombardier beetle.
You kill the bombardier beetle!
The liquid fire burns you!
Your Maces & Flails skill increases to level 1!
Your Armour skill increases to level 1!
You have reached level 4!
You are on fire!
You are on fire!
You are on fire!
You are on fire!
You are on fire!
The liquid fire burns you!
You are on fire!
The liquid fire burns you! The liquid fire burns you!
* * * LOW HITPOINT WARNING * * *
The liquid fire burns you!
* * * LOW HITPOINT WARNING * * *
The liquid fire burns you!
* * * LOW HITPOINT WARNING * * *
The liquid fire burns you!
* * * LOW HITPOINT WARNING * * *
The liquid fire burns you!
* * * LOW HITPOINT WARNING * * *
The liquid fire burns you!
* * * LOW HITPOINT WARNING * * *
The liquid fire burns you!
* * * LOW HITPOINT WARNING * * *
The liquid fire burns you!
* * * LOW HITPOINT WARNING * * *
The liquid fire burns you!
You die...

# .# #######.####.
#<......##..
#.########†#
#.##.########♣######
#.........†..........
####..........#######
#..######..# #..#
#..# #..# ..... ...#
#.#### ##.## #.# #.#
#.#


There were no monsters in sight!

Vanquished Creatures
  A bombardier beetle (D:3)
  4 ball pythons
  5 endoplasms
  A giant cockroach (D:1)
  9 goblins
  3 hobgoblins
  4 jackals (D:1)
  5 quokkas
  10 bats
  A frilled lizard (D:1)
  3 kobolds (D:1)
  5 rats
51 creatures vanquished.

Notes
Turn   | Place    | Note
-------+----------+-------------------------------------------
     0 | D:1      | dialectric the Troll Shapeshifter began the quest for the
                  | Orb.
     0 | D:1      | Reached XP level 1. HP: 18/18 MP: 0/0
    42 | D:1      | Reached skill level 1 in Fighting
   203 | D:1      | Reached XP level 2. HP: 26/27 MP: 1/1
   254 | D:1      | Found a faded altar of an unknown god.
   494 | D:1      | Reached XP level 3. HP: 33/33 MP: 2/2
  1704 | D:3      | Gained mutation: You have hidden genetic potential. [potion
                  | of mutation]
  1704 | D:3      | Gained mutation: Your magical capacity is low. (-10% MP)
                  | [potion of mutation]
  1713 | D:3      | Reached skill level 1 in Maces & Flails
  1713 | D:3      | Reached skill level 1 in Armour
  1713 | D:3      | Reached XP level 4. HP: 28/41 MP: 2/2
  1721 | D:3      | HP: 3/61 [burnt (4)]
  1722 | D:3      | HP: 1/61 [burnt (4)]
  1723 | D:3      | Incinerated by a bombardier beetle

Illustrated notes

Levels and vault maps discovered:
D:1:      dpeg_arrival_simpleton_a, layout_basic, basic_ecumenical_altar,
          nicolae_figureground_pulse
D:2:      layout_basic, amcnicky_mini_pool_small, minmay_split_cup_small
D:3:      layout_loops_ring, mainiacjoe_overflow_surrounded_room,
          mainiacjoe_overflow_catwalk, serial_shops, shop

Skill      XL: |  1  2  3 |
---------------+----------+-----
Fighting       | 1 |  1.6
Dodging        | 2 |  2.2
Maces & Flails | 1 |  1.0
Armour         | 1 |  1.0
Unarmed Combat | |  3.1
Shapeshifting  | |  3.4

Action                     |  1- 3 |  4- 6 || total
---------------------------+-------+-------++-------
  Melee: Unarmed           |    10 |       ||    10
         Mace              |    94 |       ||    94
         Whip              |    75 |       ||    75
    Use: Potion            |     4 |       ||     4
   Stab: Sleeping          |     1 |       ||     1
 Armour: Animal skin       |   151 |       ||   151
         Skin              |     3 |       ||     3
  Dodge: Dodged            |   118 |       ||   118

Table legend: (Time is in decaauts)
 A = Elapsed time spent in this place.
 B = Non-inter-level travel time spent in this place.
 C = Inter-level travel time spent in this place.
 D = Time resting spent in this place.
 E = Time spent auto-exploring this place.
 F = Levels seen in this place.
 G = Mean time per level.
                   A        B        C        D        E       F      G
               +--------+--------+--------+--------+--------+-----+--------+
         Total |   1763 |   1750 |     13 |      0 |   1333 |   3 |  587.7 |
       Dungeon |   1763 |   1750 |     13 |      0 |   1333 |   3 |  587.7 |
               +--------+--------+--------+--------+--------+-----+--------+

Top non-repeatable levels by time:
     D:1: 968 daAuts
     D:2: 738 daAuts
     D:3: 56 daAuts
